[Event "1st Regina Cattolica Open 2019"]
[Site "Cattolica"]
[Date "2019.06.16"]
[Round "5.3"]
[White "Mezentsev, Ivan"]
[Black "Repka, Christopher"]
[Result "1-0"]
[ECO "A10"]
[WhiteElo "2281"]
[BlackElo "2482"]
[Annotator "ChessBase"]
[PlyCount "73"]
[EventDate "2019.06.14"]
[EventType "swiss"]
[EventCountry "ITA"]
[SourceTitle "playchess.com"]
[Source "ChessBase"]
[SourceQuality "1"]
[TimeControl "5400+30"]

1. Nf3 d5 2. e3 c6 3. c4 e6 4. b3 f5 5. Bb2 Nf6 6. Be2 Bd6 7. O-O O-O 8. d4 b6 9. Ba3 c5 10. cxd5 exd5 11. Nc3 Bb7 12. Rc1 Nbd7 13. g3 Rc8 14. Nh4 Ne4 15. Nxd5 Bxd5 16. dxc5 Bb7 17. Bc4+ Kh8 18. cxd6 Ne5 19. d7 Ng5 20. f3 Rc7 21. Qd6 Nxd7 22. Rcd1 Qc8 23. Bb2 Nc5 24. Qh6 Nce6 25. Ng6+ Kg8 26. Qxg5 hxg6 27. Qxg6 Rxc4 28. bxc4 Rf7 29. Rd6 Nf8 30. Qg5 Qxc4 31. Rd8 Qb4 32. Be5 Ba6 33. Rfd1 Bb5 34. Rxf8+ Qxf8 35. Rd8 Be8 36. Bd6 Qxd6 37. Rxd6 1-0

[Event "1st Regina Cattolica Open 2019"]
[Site "Cattolica"]
[Date "2019.06.16"]
[Round "5.4"]
[White "Deshpande Abhishek"]
[Black "Drazic, Sinisa"]
[Result "0-1"]
[ECO "B00"]
[WhiteElo "1827"]
[BlackElo "2365"]
[Annotator "NA"]
[PlyCount "116"]
[EventDate "2019.06.14"]
[EventType "swiss"]
[EventCountry "ITA"]
[SourceTitle "playchess.com"]
[Source "ChessBase"]
[SourceQuality "1"]
[TimeControl "5400+30"]

1. e4 Nc6 2. d4 d6 3. Nc3 a6 4. Be3 Nf6 5. f3 e5 6. d5 Ne7 7. Qd2 h6 8. O-O-O Ng6 9. Kb1 Be7 10. Nge2 c5 11. h4 h5 12. Bg5 Nh7 13. Bxe7 Qxe7 14. g3 b5 15. Bg2 Nf6 16. Ng1 c4 17. Nh3 Qa7 18. Ne2 a5 19. Rhf1 b4 20. c3 Nd7 21. f4 Nc5 22. f5 Nf8 23. f6 g6 24. Ng5 Bg4 25. Bf3 Bxf3 26. Rxf3 Nfd7 27. Qe3 Nb6 28. Ne6 Nba4 29. Nxc5 Nxc5 30. Nc1 Kd7 31. Qe2 Qa6 32. Re3 Rhb8 33. Qg2 Na4 34. cxb4 Qb6 35. Re2 Qxb4 36. Rc2 Nc3+ 37. Rxc3 Qxc3 38. Qc2 Qb4 39. Ka1 Ra6 40. Ne2 Rab6 41. Rb1 a4 42. a3 Qb3 43. Qxb3 Rxb3 44. Nc3 Rxc3 45. bxc3 Rxb1+ 46. Kxb1 Ke8 47. Kc2 Kf8 48. Kd2 Kg8 49. Ke3 Kh7 50. Kf3 g5 51. g4 gxh4 52. gxh5 Kh6 53. Kg4 h3 54. Kxh3 Kxh5 55. Kg3 Kg5 56. Kh3 Kxf6 57. Kh4 Kg6 58. Kg4 f6 0-1

[Event "1st Regina Cattolica Open 2019"]
[Site "Cattolica"]
[Date "2019.06.16"]
[Round "5.5"]
[White "Albertini, Luca"]
[Black "Cappai, Davide"]
[Result "0-1"]
[ECO "A08"]
[WhiteElo "2161"]
[BlackElo "2185"]
[Annotator "NA"]
[PlyCount "81"]
[EventDate "2019.06.14"]
[EventType "swiss"]
[EventCountry "ITA"]
[SourceTitle "playchess.com"]
[Source "ChessBase"]
[SourceQuality "1"]
[TimeControl "5400+30"]

1. Nf3 c5 2. g3 Nc6 3. Bg2 d5 4. O-O e5 5. d3 Nf6 6. c3 Be7 7. a3 a5 8. Qc2 O-O 9. Nbd2 Be6 10. e4 Qc7 11. exd5 Nxd5 12. Re1 Nf6 13. Ne4 Nxe4 14. Rxe4 Bf5 15. Re1 c4 16. Bf1 Rad8 17. Be3 cxd3 18. Qb3 Rd7 19. Rad1 e4 20. Bb6 Qd6 21. Nd4 Nxd4 22. cxd4 a4 23. Qb5 Bg4 24. Rd2 f5 25. Bc5 Qd5 26. Qxa4 Bg5 27. f4 Bf6 28. Bxf8 Qxd4+ 29. Qxd4 Bxd4+ 30. Kh1 Kxf8 31. h3 Bf3+ 32. Kh2 Kf7 33. g4 g5 34. Kg3 Kf6 35. gxf5 Kxf5 36. fxg5 Be5+ 37. Kf2 Kf4 38. Kg1 Bd4+ 39. Kh2 Be3 40. Rdd1 Bf2 41. Bxd3 0-1

[Event "1st Regina Cattolica Open 2019"]
[Site "Cattolica"]
[Date "2019.06.16"]
[Round "5.6"]
[White "Malfagia, Andrea"]
[Black "Rago, Riccardo"]
[Result "1-0"]
[ECO "D35"]
[WhiteElo "2191"]
[BlackElo "2097"]
[Annotator "NA"]
[PlyCount "49"]
[EventDate "2019.06.14"]
[EventType "swiss"]
[EventCountry "ITA"]
[SourceTitle "playchess.com"]
[Source "ChessBase"]
[SourceQuality "1"]
[TimeControl "5400+30"]

1. d4 d5 2. c4 e6 3. Nc3 Nf6 4. cxd5 exd5 5. Bg5 Be7 6. e3 c6 7. Bd3 h6 8. Bf4 Nbd7 9. h3 Nf8 10. Qc2 Ne6 11. Be5 Qa5 12. Nge2 Bd7 13. O-O-O Rc8 14. Kb1 c5 15. dxc5 Rxc5 16. Nd4 Nxd4 17. Bxd4 Rc8 18. Bf5 Rd8 19. Bxf6 Bxf6 20. Nxd5 Be5 21. Qe4 f6 22. Bxd7+ Kxd7 23. Nxf6+ Kc8 24. Rd5 Qb6 25. Qxe5 1-0

[Event "1st Regina Cattolica Open 2019"]
[Site "Cattolica"]
[Date "2019.06.16"]
[Round "5.7"]
[White "Bettalli, Francesco"]
[Black "Imburgia, Giuseppe"]
[Result "0-1"]
[ECO "C15"]
[WhiteElo "2169"]
[BlackElo "2041"]
[Annotator "NA"]
[PlyCount "144"]
[EventDate "2019.06.14"]
[EventType "swiss"]
[EventCountry "ITA"]
[SourceTitle "playchess.com"]
[Source "ChessBase"]
[SourceQuality "1"]
[TimeControl "5400+30"]

1. e4 e6 2. d4 d5 3. Nc3 Bb4 4. Nge2 dxe4 5. a3 Bxc3+ 6. Nxc3 Nc6 7. Bb5 Bd7 8. Nxe4 Nce7 9. Qe2 a6 10. Bd3 Bc6 11. c3 Bxe4 12. Bxe4 c6 13. Bf4 Nf6 14. Bf3 O-O 15. O-O Qb6 16. Rfd1 Rfd8 17. Bg5 Ng6 18. h4 h6 19. h5 Ne7 20. Bh4 Nf5 21. Bxf6 gxf6 22. Be4 Ng7 23. g4 Qb5 24. Rd3 f5 25. a4 Qa5 26. gxf5 exf5 27. Bg2 f4 28. d5 Qc7 29. Rad1 cxd5 30. Rxd5 Rxd5 31. Rxd5 Re8 32. Qd1 b6 33. Bf3 Ne6 34. Qe2 Qe7 35. Kf1 Qh4 36. Re5 Rd8 37. Bg2 Ng5 38. Re8+ Rxe8 39. Qxe8+ Kg7 40. Qe5+ Kg8 41. f3 Qxh5 42. Qxf4 Qg6 43. Qd2 Qb1+ 44. Kf2 Qg6 45. b4 Qf6 46. Qd3 a5 47. bxa5 bxa5 48. Qd4 Qf5 49. Kg3 h5 50. Qf4 Qxf4+ 51. Kxf4 Ne6+ 52. Ke5 Nc5 53. Kd4 Nxa4 54. c4 Kf8 55. c5 Ke7 56. Bh3 Kd8 57. Kc4 Kc7 58. f4 Nb2+ 59. Kc3 Nd1+ 60. Kd2 Nf2 61. Bf5 Kc6 62. Ke2 Ng4 63. Kf3 Kxc5 64. Kg3 a4 65. Kh4 a3 66. Bb1 Nf6 67. Ba2 Nd5 68. f5 Nc3 69. Bb3 a2 70. Bxa2 Nxa2 71. Kg5 Nc3 72. Kf6 h4 0-1

[Event "1st Regina Cattolica Open 2019"]
[Site "Cattolica"]
[Date "2019.06.16"]
[Round "5.8"]
[White "Varvaglione, Antonio"]
[Black "Cayla, Jonathan"]
[Result "0-1"]
[ECO "B13"]
[WhiteElo "2154"]
[BlackElo "1997"]
[Annotator "NA"]
[PlyCount "68"]
[EventDate "2019.06.14"]
[EventType "swiss"]
[EventCountry "ITA"]
[SourceTitle "playchess.com"]
[Source "ChessBase"]
[SourceQuality "1"]
[TimeControl "5400+30"]

1. e4 c6 2. d4 d5 3. exd5 cxd5 4. c4 Nf6 5. Nc3 Nc6 6. Nf3 Bg4 7. cxd5 Nxd5 8. Bc4 e6 9. O-O Bxf3 10. Qxf3 Nxd4 11. Qd3 Nxc3 12. Qxc3 Rc8 13. Rd1 Rxc4 14. Qxc4 Nf3+ 15. gxf3 Qxd1+ 16. Kg2 Qd7 17. Be3 b6 18. Rc1 Be7 19. Qc7 Bd8 20. Qc8 h6 21. Bf4 Qxc8 22. Rxc8 O-O 23. Rc6 Bf6 24. b4 Rd8 25. Be3 Rd3 26. Rc8+ Kh7 27. Ra8 Bd4 28. Rd8 e5 29. f4 Ra3 30. fxe5 Bxe3 31. fxe3 Rxa2+ 32. Kg3 Ra4 33. Rd4 a5 34. bxa5 Rxd4 0-1

[Event "1st Regina Cattolica Open 2019"]
[Site "Cattolica"]
[Date "2019.06.16"]
[Round "5.9"]
[White "Doric, Senad"]
[Black "Volpinari, Danilo"]
[Result "1-0"]
[ECO "A44"]
[WhiteElo "2087"]
[BlackElo "1966"]
[Annotator "NA"]
[PlyCount "69"]
[EventDate "2019.06.14"]
[EventType "swiss"]
[EventCountry "ITA"]
[SourceTitle "playchess.com"]
[Source "ChessBase"]
[SourceQuality "1"]
[TimeControl "5400+30"]

1. d4 c5 2. d5 e5 3. c4 d6 4. Nc3 f5 5. e4 Nf6 6. Bd3 f4 7. g3 fxg3 8. hxg3 Be7 9. f3 Nbd7 10. Be3 Nf8 11. Qd2 Qa5 12. O-O-O Bd7 13. Nh3 h6 14. Kb1 O-O-O 15. Nf2 Ng6 16. f4 Rdg8 17. Rdg1 Qd8 18. Be2 Kb8 19. Qd1 Qc8 20. Rh2 Nh7 21. Bh5 Be8 22. Nd3 Bf6 23. Qg4 Qxg4 24. Bxg4 a6 25. Rf1 Rf8 26. Rhf2 b6 27. Bf5 Kc7 28. Kc2 Kd8 29. b4 Kc7 30. Rb1 h5 31. Rh1 Ne7 32. Bxh7 Rxh7 33. fxe5 dxe5 34. bxc5 bxc5 35. Nxc5 1-0

[Event "1st Regina Cattolica Open 2019"]
[Site "Cattolica"]
[Date "2019.06.16"]
[Round "5.10"]
[White "Carletti, Angelo"]
[Black "Gohshtein, Pavel"]
[Result "1/2-1/2"]
[ECO "D03"]
[WhiteElo "1929"]
[BlackElo "2055"]
[Annotator "NA"]
[PlyCount "138"]
[EventDate "2019.06.14"]
[EventType "swiss"]
[EventCountry "ITA"]
[SourceTitle "playchess.com"]
[Source "ChessBase"]
[SourceQuality "1"]
[TimeControl "5400+30"]

1. d4 Nf6 2. Bg5 d5 3. e3 c6 4. Nd2 Bf5 5. Ngf3 Nbd7 6. c4 h6 7. Bf4 Nh5 8. Bg3 Nxg3 9. hxg3 e6 10. Qb3 Qb6 11. Be2 Qxb3 12. axb3 Bb4 13. Kd1 O-O 14. Ne1 Bd6 15. Bd3 Bxd3 16. Nxd3 e5 17. Kc2 exd4 18. exd4 Rfe8 19. c5 Bf8 20. Rhe1 a6 21. b4 g6 22. Nb3 Bg7 23. Rxe8+ Rxe8 24. Re1 Rxe1 25. Nxe1 Nf8 26. Na5 Ne6 27. Nf3 Nd8 28. Kd3 Kf8 29. Ne1 h5 30. f4 Ke7 31. Ke3 Ke6 32. Nc2 Kf5 33. Kf3 Ke6 34. Ke3 Bf6 35. Kf3 Kd7 36. g4 hxg4+ 37. Kxg4 Ke6 38. g3 Be7 39. Kf3 f5 40. Ke3 g5 41. Kf3 gxf4 42. gxf4 Bf6 43. Ke3 Kd7 44. Kd3 Bg7 45. Ne3 Ke6 46. Ng2 Kf7 47. Nh4 Ke6 48. Ke3 Bf6 49. Nf3 Kf7 50. Kf2 Kg6 51. Kg3 Kh5 52. Ne5 Bh4+ 53. Kf3 Bf6 54. Kg3 Ne6 55. Nxb7 Nxd4 56. Nd3 Kg6 57. Na5 Kf7 58. Kf2 Ke6 59. Ke3 Kd7 60. Nb7 Nb5 61. Na5 Na7 62. Nb3 Nb5 63. Na5 Bg7 64. Kf3 Nd4+ 65. Ke3 Kc7 66. Kf2 Kd7 67. Ke3 Nb5 68. Kf3 Nc7 69. Nb7 Nb5 1/2-1/2

[Event "1st Regina Cattolica Open 2019"]
[Site "Cattolica"]
[Date "2019.06.16"]
[Round "5.11"]
[White "Casagrande, Federico"]
[Black "Tonetto, Federico"]
[Result "1/2-1/2"]
[ECO "E97"]
[WhiteElo "1883"]
[BlackElo "2033"]
[Annotator "NA"]
[PlyCount "140"]
[EventDate "2019.06.14"]
[EventType "swiss"]
[EventCountry "ITA"]
[SourceTitle "playchess.com"]
[Source "ChessBase"]
[SourceQuality "1"]
[TimeControl "5400+30"]

1. d4 Nf6 2. c4 g6 3. Nc3 Bg7 4. e4 d6 5. Nf3 O-O 6. Be2 e5 7. O-O Nc6 8. d5 Ne7 9. b4 Nh5 10. a4 f5 11. Nd2 Nf6 12. Ba3 fxe4 13. Ndxe4 Nxe4 14. Nxe4 Bf5 15. Nc3 b6 16. Bc1 a5 17. Qb3 axb4 18. Qxb4 Bd7 19. Ra3 Nf5 20. Ne4 Nd4 21. Bd1 Qh4 22. Qe1 Bh6 23. Bxh6 Qxh6 24. Qe3 Qf4 25. Ng3 Ra5 26. Qxf4 Rxf4 27. Re1 Rf8 28. Ne2 Nf5 29. f4 Re8 30. Kf2 Kf7 31. Bc2 exf4 32. Nxf4 Rxe1 33. Kxe1 Nd4 34. Bd1 Ra8 35. Kd2 g5 36. Nd3 Kg6 37. Nf2 h6 38. Kc3 Nf5 39. Kb4 Kg7 40. g3 Ne7 41. Bc2 Ng6 42. a5 bxa5+ 43. Rxa5 Rxa5 44. Kxa5 Ne5 45. Ka6 Bc8+ 46. Ka7 Nxc4 47. Kb8 Ba6 48. Kxc7 Ne3 49. Bb3 Nf1 50. Kxd6 Nxh2 51. Ke7 Nf1 52. d6 Bb5 53. g4 Ne3 54. Be6 Ng2 55. Nd3 Nf4 56. Nxf4 gxf4 57. Bd5 Kg6 58. Bf3 Kg5 59. Be2 Bc6 60. Bf3 Bb5 61. Be2 Bc6 62. d7 Bxd7 63. Kxd7 Kh4 64. Ke6 Kg3 65. Kf5 f3 66. Bd1 f2 67. Be2 Kh4 68. Kf4 Kh3 69. Kf3 Kh4 70. Kxf2 h5 1/2-1/2